 Dungeon Crawl Stone Soup version 0.14.0-15-g6b16f67 (webtiles) character file.

689 Kejsarherre the Chopper (level 7, 0/52 HPs)
             Began as a Human Chaos Knight on Apr 17, 2014.
             Was a Plaything of Xom.
             Succumbed to a worker ant's poison
             ... on Level 5 of the Dungeon.
             The game lasted 00:09:20 (2937 turns).

Kejsarherre the Chopper (Human Chaos Knight)        Turns: 2937, Time: 00:09:20

HP   0/52        AC  8     Str 15      XL: 7   Next: 45%
MP   7/7         EV  5     Int 12      God: Xom
Gold 171         SH  9     Dex 12      Spells:  0 memorised,  6 levels left

rFire  + . .     SeeInvis .     a - +1,+0 hand axe (chaos)
rCold  . . .     Clarity  .     e - +0 chain mail
rNeg   + . .     Conserve .     n - +0 buckler
rPois  .         rCorr    .     (no helmet)
rElec  .         rRot     .     (no cloak)
SustAb . .       Spirit   .     (no gloves)
rMut   .         Warding  .     (no boots)
Saprov . . .     Stasis   .     d - cursed amulet of rage
MR     .....                    s - ring of positive energy {unknown}
                                b - ring of protection from fire

@: flying, lethally poisoned, not resistant to hostile enchantments, extremely
unstealthy
A: no striking features
a: Renounce Religion, Evoke Berserk Rage


You were on level 5 of the Dungeon.
You worshipped Xom.
You were a favourite toy of Xom.
You were not hungry.

You visited 1 branch of the dungeon, and saw 5 of its levels.

You collected 171 gold pieces.

Inventory:

Hand weapons
 a - a +1,+0 hand axe of chaos (weapon)
Missiles
 j - a tomahawk (quivered)
Armour
 e - a +0 chain mail (worn)
 n - a +0 buckler (worn)
Comestibles
 c - 2 bread rations
 p - an apricot
Scrolls
 f - a scroll of amnesia {unknown}
 k - 2 scrolls of fear
 l - a scroll of noise
 m - 2 scrolls of recharging
 r - 2 scrolls of fog {unknown}
Jewellery
 b - a ring of protection from fire (left hand)
 d - a cursed amulet of rage (around neck)
 h - an uncursed ring of sustain abilities
 s - a ring of positive energy (right hand) {unknown}
Potions
 o - a potion of invisibility


   Skills:
 - Level 3.0 Fighting
 + Level 7.2 Axes
 - Level 2.0 Armour
 - Level 1.0 Dodging
 * Level 3.2 Shields


You had 6 spell levels left.
You didn't know any spells.

Dungeon Overview and Level Annotations

Branches:
Dungeon (5/15)
 Temple: D:4-7

Altars:
Dithmenos
Nemelex Xobeh
Xom

Shops:
D:4 *[


Message History

You slash the worker ant! You burn the worker ant.
The worker ant is almost dead.
* * * LOW HITPOINT WARNING * * *
You feel sick.
The helpless worker ant fails to defend itself.
You hit the worker ant.
You kill the worker ant!
* * * LOW HITPOINT WARNING * * *
You feel sick.
* * * LOW HITPOINT WARNING * * *
You feel sick.
You see here a rat corpse.
* * * LOW HITPOINT WARNING * * *
You feel sick.
Found a whip.
* * * LOW HITPOINT WARNING * * *
You feel sick.
Xom giggles.
Xom watches you with interest.
You are now a favourite toy of Xom.
You die...
Xom cackles wildly!

##### #...# ## #...#
.>#
#######...######...#
...)...........<....#
........@......###...#
..#####.......$# .#
#......%.#
#................
####........#.##
#####...<# #(...#
######


There were no monsters in sight!

Vanquished Creatures
  Menkaure (D:4)
  An ogre (D:4)
  A swamp drake (D:4)
  A scorpion (D:3)
  An orc wizard (D:3)
  2 worker ants
  4 adders
  2 giant mites
  2 worms
  An adder skeleton (D:4)
  3 giant geckos
  12 orcs
  A giant cockroach (D:3)
  6 hobgoblins
  A quokka (D:2)
  3 ball pythons
  4 bats
  2 giant newts
  5 goblins
  A goblin skeleton (D:5)
  7 kobolds
  10 rats
71 creatures vanquished.

Notes
Turn   | Place    | Note
--------------------------------------------------------------
     0 | D:1      | Kejsarherre, the Human Chaos Knight, began the quest for the Orb.
     0 | D:1      | Reached XP level 1. HP: 18/18 MP: 1/1
    69 | D:1      | Reached XP level 2. HP: 24/24 MP: 2/2
   536 | D:2      | Reached skill level 4 in Axes
   536 | D:2      | Reached XP level 3. HP: 19/29 MP: 3/3
   578 | D:2      | XOM: divination: magic mapping
   797 | D:2      | XOM: harmless Tloc miscast
   881 | D:2      | Reached XP level 4. HP: 27/35 MP: 4/4
   925 | D:2      | XOM: harmless Pois miscast
   945 | D:2      | Found a sparkling altar of Nemelex Xobeh.
  1420 | D:3      | Reached skill level 5 in Axes
  1583 | D:3      | XOM: harmless Ice miscast
  1630 | D:3      | Reached skill level 1 in Shields
  1823 | D:3      | Reached XP level 5. HP: 36/41 MP: 5/5
  1926 | D:3      | Found a shimmering altar of Xom.
  1954 | D:3      | XOM: colour smoke trail
  1988 | D:3      | XOM: silly message
  2093 | D:4      | Found a shadowy altar of Dithmenos.
  2106 | D:4      | Found Ogaus' Armour Boutique.
  2223 | D:4      | XOM: harmless Necr miscast
  2248 | D:4      | Noticed Menkaure
  2255 | D:4      | Reached XP level 6. HP: 14/47 MP: 6/6
  2256 | D:4      | Killed Menkaure
  2256 | D:4      | Reached skill level 6 in Axes
  2381 | D:4      | XOM: colour smoke trail
  2576 | D:4      | XOM: scenery: 1 doors close
  2601 | D:4      | Found Yrghoyvo's General Store.
  2727 | D:4      | Noticed a swamp drake
  2727 | D:4      | a worker ant changed into a swamp drake
  2745 | D:4      | Killed a swamp drake
  2745 | D:4      | Reached XP level 7. HP: 26/52 MP: 7/7
  2841 | D:4      | Noticed an ogre
  2848 | D:4      | XOM: summons 7 friendly demons
  2850 | D:4      | Killed an ogre
  2850 | D:4      | Reached skill level 7 in Axes
  2857 | D:4      | XOM: cast spell 'Necromutation'
  2897 | D:5      | Entered Level 5 of the Dungeon
  2920 | D:5      | XOM: enchant monster (bad)
  2932 | D:5      | HP: 2/52 [poisoned by a worker ant]
  2935 | D:5      | XOM: medium Erth miscast
  2937 | D:5      | Succumbed to a worker ant's poison

Action                   |  1- 3 |  4- 6 |  7- 9 || total
-------------------------+-------+-------+-------++-------
Melee: Hand axe          |    97 |   167 |    35 ||   299
Throw: Tomahawk          |       |     2 |     2 ||     4
  Use: Scroll            |       |     5 |     1 ||     6
       Potion            |       |     5 |     1 ||     6
 Stab: Petrified         |     1 |       |       ||     1
       Paralysed         |     1 |     3 |     4 ||     8
